 Dungeon Crawl Stone Soup version bcrawl-1.32 (webtiles) character file.

Game seed: 4804864920833497021

105237 Morbidden the Stinger (level 4, -6/34 HPs)
             Began as a Demigod Venom Mage on July 9, 2021.
             Mangled by a gnoll
             ... wielding a +0 vampiric halberd
              (17 damage)
             ... on level 4 of the Dungeon.
             The game lasted 00:04:35 (3145 turns).

Morbidden the Stinger (Demigod Venom Mage)          Turns: 3145, Time: 00:04:35

Health: -6/34      AC:  2    Str: 12    XL:     4   Next: 72%
Magic:  8/10       EV: 12    Int: 21    God:    Demigod [*.....]
Gold:   205        SH:  0    Dex: 17    Spells: 5/8 levels left

rFire    . . .     SeeInvis .   a - +2 dagger (speed)
rCold    . . .     Gourm    .   (no shield)
rNeg     . . .     Faith    .   j - +0 robe
rPois    +         Spirit   .   (no helmet)
rElec    .         Reflect  .   (no cloak)
rCorr    .         Harm     .   (no gloves)
MR       .....                  (no boots)
Stlth    ++........             (no amulet)
HPRegen  0.11/turn              f - ring of poison resistance
MPRegen  0.12/turn              (no ring)

@: no status effects
A: high mp 1
a: Temporal Distortion


You were on level 4 of the Dungeon.
You worshipped Demigod.
Demigod was aware of your devotion.
You were not hungry.

You visited 1 branch of the dungeon, and saw 4 of its levels.

You collected 205 gold pieces.

Inventory:

Hand Weapons
 a - a +2 dagger of speed (weapon)
 y - a +0 falchion of holy wrath
Armour
 j - a +0 robe (worn)
 t - a +0 buckler
Jewellery
 f - a ring of poison resistance (left hand)
Scrolls
 b - a scroll of enchant weapon {unknown}
 h - a scroll of noise {unknown}
 i - 5 scrolls of identify
 m - 3 scrolls of remove curse {unknown}
 s - a scroll of fog {unknown}
 u - a scroll of fear {unknown}
 v - a scroll of amnesia {unknown}
 x - a scroll of teleportation {unknown}
Potions
 c - a potion of berserk rage
 d - a potion of degeneration
 g - 2 potions of might {unknown}
 k - 2 potions of curing {unknown}
 l - a potion of lignification {unknown}
 n - a potion of agility {unknown}
 o - a potion of haste {unknown}
 p - a potion of ambrosia {unknown}
 q - a potion of flight {unknown}
 r - 3 potions of brilliance {unknown}
Comestibles
 e - 5 rations {!d}


   Skills:
 * Level 0.7 Fighting
 * Level 1.8 Dodging
 + Level 2.0 Stealth
 * Level 0.2 Shields
 * Level 2.6 Spellcasting
 + Level 1.1 Conjurations
 + Level 0.3 Air Magic
 * Level 3.7 Poison Magic
 * Level 2.1 Invocations


You had 5 spell levels left.
You knew the following spells:

 Your Spells              Type           Power        Failure   Level  Hunger
a - Sting                 Conj/Pois      ##..         4%          1    None
b - Poisonous Vapours     Pois/Air       ##....       9%          2    ##.....

Your spell library contained the following spells:

 Spells                   Type           Power        Failure   Level  Hunger
 Ignite Poison            Fire/Tmut/Pois #.......     26%         3    ####...
 Olgreb's Toxic Radiance  Pois           ###......    28%         4    #####..
 Summon Scorpions         Summ/Pois      ##......     54%         4    #####..
 Venom Bolt               Conj/Pois      ##........   80%         5    #######


Dungeon Overview and Level Annotations

Branches:
Dungeon (4/12)
 Temple: D:4-7


Innate Abilities, Weirdness & Mutations

You have an increased reservoir of magic. (+10% MP)


Message History

You stop descending the stairs.
Your surroundings suddenly seem different.
The gnoll hits you from afar with a +0 spear of venom.
The gnoll barely misses you.
No path to travel!
Casting: Poisonous Vapours (safe; 9% risk of failure)
Confirm with . or Enter, or press ? or * to list all spells.
Aiming: Poisonous Vapours (safe; 9% risk of failure)
Press: ? - help, Dir - move target cursor, f - gnoll
Aim: a gnoll, wielding a +0 vampiric halberd (moderately wounded) Poisonous vapours appear!
The gnoll is poisoned.
The gnoll hits you from afar with a +0 vampiric halberd!
The gnoll hits you but does no damage.
You can't go up here!
Unknown command.
There is a stone staircase leading up here.
The gnoll hits you from afar with a +0 vampiric halberd!
Ouch! That really hurt!
You die...
Your divinity fades.

# # #.# .. #.
#.# .#.#. #.# #
......#.#.#####
.#....#.#..w..#
....>..w.......
#g#.# #.#.#
#@#.. ###.# .#
##.# #<.#
.........#
..#####..# ...#
#.##


You could see a worm and a gnoll.

Vanquished Creatures
  Terence (D:3)
  2 adders (D:3)
  2 worms
  4 dart slugs
  3 leopard geckos (D:3)
  An orc (D:3)
  2 ball pythons
  4 giant cockroaches
  4 goblins
  6 hobgoblins
  6 jackals
  A quokka (D:3)
  4 bats
  2 frilled lizards (D:3)
  8 kobolds
  4 rats
54 creatures vanquished.

Notes
Turn   | Place    | Note
-------+----------+-------------------------------------------
     0 | D:1      | Morbidden the Demigod Venom Mage began the quest for the
                  | Orb.
     0 | D:1      | Reached XP level 1. HP: 14/14 MP: 5/5
   254 | D:1      | Reached skill level 3 in Poison Magic
   272 | D:1      | Reached XP level 2. HP: 20/20 MP: 5/7
   393 | D:1      | Learned a level 2 spell: Poisonous Vapours
   748 | D:1      | Reached skill level 1 in Invocations
  1098 | D:2      | Reached skill level 1 in Conjurations
  1191 | D:2      | Reached XP level 3. HP: 27/27 MP: 1/8
  1444 | D:2      | Found a shattered altar of Ashenzari.
  1479 | D:2      | Found a sacrificial altar of Ru.
  1482 | D:2      | Found a bloodstained altar of Trog.
  1484 | D:2      | Found a hazy altar of Hepliaklqana.
  1484 | D:2      | Found a corrupted altar of Lugonu.
  1484 | D:2      | Found a radiant altar of Vehumet.
  1510 | D:2      | Found a white marble altar of Elyvilon.
  1948 | D:3      | Reached * piety under Demigod
  2156 | D:3      | Noticed Terence
  2161 | D:3      | Killed Terence
  2162 | D:3      | Reached XP level 4. HP: 34/34 MP: 0/10
  3145 | D:4      | Mangled by a gnoll

Skill      XL: |  1  2  3  4 |
---------------+-------------+-----
Poison Magic   | 3 |  3.7
Invocations    | 1 2 |  2.1
Spellcasting   | 2 |  2.6
Conjurations   | 1 |  1.1
Fighting       | |  0.7
Dodging        | |  1.8
Stealth        | |  2.0
Shields        | |  0.2
Air Magic      | |  0.3

Action                   |  1- 3 |  4- 6 || total
-------------------------+-------+-------++-------
Melee: Dagger            |     9 |       ||     9
       Falchion          |       |     2 ||     2
 Cast: Sting             |    52 |    22 ||    74
       Poisonous Vapours |    25 |    22 ||    47
  Use: Scroll            |     1 |       ||     1
  Eat: Chunk             |     7 |     5 ||    12
Armor: Robe              |     3 |       ||     3
Dodge: Dodged            |     8 |     3 ||    11
